AoeStats
← kingvtech555

Black Forest

507505130Analyzed
2v2 RM · 14d ago on Sep 18, 2026· 69m 26s· 4 players
Game mode
Random Map
Map size
Medium (4 player)
Population
200
Speed
Normal
Resources
Standard
Victory
Conquest
Starting age
Dark Age
Ending age
Imperial Age
RankedLock teamsTeams togetherTeam positionsShared explorationLock speedFull tech treeHidden civsTurbo modeCheats
Victory
Defeat
🇳🇴 Japanese · Norway
603
+17
🇮🇪 Burgundians · Ireland
597
+18
🇪🇸 Ethiopians · Spain
654
-18
🇮🇹 Khmer · Italy
616
-17
TrolleBolIe
7:13 Loom
13:22 Feudal Age
13:54 Double-Bit Axe
13:53 Horse Collar
17:28 Wheelbarrow
17:51 Forging
17:32 Arson
18:41 Gold Mining
22:57 Castle Age
22:23 Scale Mail Armor
29:45 Caravan
29:37 Gambesons
29:53 Squires
29:16 Pikeman
31:27 Hand Cart
30:58 Town Watch
32:14 Heavy Plow
37:27 Imperial Age
36:27 Fletching
37:13 Iron Casting
36:54 Chain Mail Armor
37:18 Town Patrol
37:31 Halberdier
43:44 Elite Samurai
44:37 Elite Skirmisher
48:30 Chemistry
47:37 Siege Engineers
50:46 Kataparuto
49:55 Capped Ram
56:16 Onager
58:48 Thumb Ring
62:09 Ballistics
id.ro.mele
0:47 Loom
12:34 Feudal Age
11:41 Double-Bit Axe
14:44 Bow Saw
18:41 Horse Collar
19:32 Heavy Plow
27:03 Castle Age
25:20 Gold Mining
25:27 Stone Mining
26:49 Stone Shaft Mining
26:53 Gold Shaft Mining
26:40 Caravan
30:08 Two-Man Saw
29:47 Crop Rotation
34:08 Wheelbarrow
33:19 Town Watch
40:16 Imperial Age
38:14 Hand Cart
39:28 Town Patrol
40:14 Elite Skirmisher
40:20 Pikeman
41:01 Squires
45:36 Two-Man Saw
45:34 Halberdier
46:41 Ballistics
47:22 Chemistry
46:33 Fortified Wall
46:05 Treadmill Crane
46:35 Masonry
46:21 Murder Holes
46:27 Fletching
46:37 Padded Archer Armor
46:49 Forging
46:45 Scale Barding Armor
49:59 Burgundian Vineyards
50:15 Conscription
50:31 Hoardings
50:04 Scale Mail Armor
50:19 Leather Archer Armor
50:00 Bodkin Arrow
51:24 Chain Mail Armor
52:46 Architecture
52:07 Guard Tower
52:22 Bracer
52:29 Cavalier
53:10 Husbandry
55:19 Paladin
58:14 Plate Mail Armor
58:19 Iron Casting
58:05 Chain Barding Armor
66:59 Blast Furnace
66:35 Plate Barding Armor
kingvtech555
1:09 Loom
10:52 Feudal Age
13:41 Horse Collar
18:26 Fletching
20:39 Double-Bit Axe
26:51 Castle Age
25:56 Town Watch
32:41 Imperial Age
31:59 Crossbowman
32:46 Thumb Ring
38:54 Chemistry
39:09 Capped Ram
lanciotto
15:20 Feudal Age
17:07 Double-Bit Axe
17:45 Stone Mining
17:50 Gold Mining
18:20 Horse Collar
19:51 Wheelbarrow
22:50 Castle Age
24:22 Bow Saw
24:16 Heavy Plow
24:58 Stone Shaft Mining
27:58 Hand Cart
29:13 Gold Shaft Mining
31:31 Imperial Age
33:22 Onager
33:31 Pikeman
36:50 Double Crossbow
36:51 Tusk Swords
36:59 Elite Ballista Elephant
38:30 Caravan
39:11 Halberdier
44:13 Elite Battle Elephant
48:30 Chemistry
47:41 Fortified Wall
47:52 Ballistics
47:23 Heated Shot
51:32 Coinage
63:16 Heavy Scorpion
Connection lost

Rejoining the realm…

Still unreachable

The connection could not be restored.

Session expired

The server has moved on; the page needs a fresh start.